 Dungeon Sprint DCSS version 0.27.0-1-g7a089689b8 (webtiles) character file.

Game seed: 8071902112297827423

289 Groucho the Unseen (level 6, -3/28 HPs)
             Began as a Spriggan Enchanter on Aug 4, 2021.
             Slain by Sonja (4 damage)
             ... in the Dungeon (Sprint I: "Red Sonja").
             The game lasted 00:02:42 (547 turns).

Groucho the Unseen (Spriggan Enchanter)              Turns: 547, Time: 00:02:43

Health: -3/28      AC:  2    Str:  6    XL:     6   Next: 9%
Magic:  3/15       EV: 17    Int: 16    God:
Gold:   81         SH:  0    Dex: 16    Spells: 10/16 levels left

rFire    . . .     SeeInvis +   a - +1 dagger
rCold    . . .     Faith    .   (shield restricted)
rNeg     . . .     Spirit   .   b - +0 robe
rPois    .         Reflect  .   (helmet restricted)
rElec    .         Harm     .   (no cloak)
rCorr    .         Rampage  .   (gloves unavailable)
Will     +....     NoTele   +   (boots unavailable)
Stlth    ++++++....             (no amulet)
HPRegen  0.09/turn              (no ring)
MPRegen  0.14/turn              (no ring)

@: lethally poisoned (-3 -> -14), slowed, quick
A: very small, no large weapons, unfitting armour, see invisible, speed 3
a: no special abilities


You were in the Dungeon.
You visited 1 branch You collected 81 gold pieces.

Inventory:

Hand Weapons
 a - a +1 dagger (weapon)
Armour
 b - a +0 robe (worn)
Scrolls
 h - a scroll of blinking
Potions
 c - a potion of curing
 d - a potion of heal wounds
 e - a potion of haste
 f - 2 potions of magic


   Skills:
 - Level 1.1 Short Blades
 - Level 2.6 Dodging
 * Level 16.5 Stealth
 + Level 5.8 Spellcasting
 + Level 6.3 Hexes


You had 10 spell levels left.
You knew the following spells:

 Your Spells              Type           Power      Damage    Failure   Level
a - Corona                Hex            26%        N/A       1%          1
b - Ensorcelled Hibernat  Hex/Ice        28%        N/A       6%          2
c - Confusing Touch       Hex            24%        N/A       3%          3

Your spell library contained the following spells:

 Spells                   Type           Power      Damage    Failure   Level
 Tukima's Dance           Hex            24%        N/A       3%          3
 Dazzling Flash           Conj/Hex       28%        N/A       12%         3


Dungeon Overview and Level Annotations

Branches:
Dungeon (1/1)

Altars:
Cheibriados
Dithmenos
Elyvilon
Fedhas
Gozag
Hepliaklqana
Kikubaaqudgha
Okawaru
Qazlal
Ru
Sif Muna
Trog
Uskayaw
Vehumet
Wu Jian
Yredelemnul
Zin
The Shining One

Shops:
D :

Annotations:
D Sigmund, Sonja


Innate Abilities, Weirdness & Mutations

You are very small and have problems with some larger weapons.
You are too small for most types of armour.
You have supernaturally acute eyesight. (SInv)
You cover ground extremely quickly. (Speed+++)


Message History

You kill the yak!
Your Stealth skill gained 2 levels and is now at level 16!
Your Spellcasting skill gained 2 levels and is now at level 5!
Your Hexes skill gained 2 levels and is now at level 6!
You have reached level 6!
Your experience leads to an increase in your attributes!
Increase (S)trength, (I)ntelligence, or (D)exterity?
You feel stronger.
Unknown command.
Unknown command.
Cast which spell? (? or * to list)
Aiming: Ensorcelled Hibernation (safe; 6% risk of failure)
Press: ? - help, Shift-Dir - straight line, f - Sonja
Aim: Sonja, wielding a +0 short sword of distortion and quivering curare-tipped darts (chance to affect: 53%) Sonja resists with significant effort.
Sonja throws a curare-tipped dart.
The curare-tipped dart completely misses you.
Casting: Ensorcelled Hibernation (safe; 6% risk of failure)
Confirm with . or Enter, or press ? or * to list all spells.
Aiming: Ensorcelled Hibernation (safe; 6% risk of failure)
Press: ? - help, Shift-Dir - straight line, f/p - Sonja
Aim: Sonja, wielding a +0 short sword of distortion and quivering curare-tipped darts (chance to affect: 53%) Sonja resists with significant effort.
Sonja throws a curare-tipped dart.
The curare-tipped dart hits you.
You are poisoned.
You have difficulty breathing.
You feel yourself slow down.
Unknown command.
Casting: Ensorcelled Hibernation (safe; 6% risk of failure)
Confirm with . or Enter, or press ? or * to list all spells.
Aiming: Ensorcelled Hibernation (safe; 6% risk of failure)
Press: ? - help, Shift-Dir - straight line, f/p - Sonja
Aim: Sonja, wielding a +0 short sword of distortion and quivering curare-tipped darts (chance to affect: 53%) Sonja resists with significant effort.
You feel very sick.
Sonja hits you with a +0 short sword of distortion!
Space bends around you.
* * * LOW HITPOINT WARNING * * *
Sonja hits you with a +0 short sword of distortion.
* * * LOW HITPOINT WARNING * * *
Sonja hits you but does no damage. Space bends around you.
You die...

################
#<.#..'..#..'.$#
#.)'..#.)'..#.$+
#..#####'#####'#
#..# #..#.$.#.#
#..#__####..##[#
#..#_____##'#_.+§
#⌠⌠#_.∩...@..._#§
####_..__##K.#'##+
#____ ##'#.# ####
#.### $.. $K.#
##.## #+#


You could see Sonja.

Vanquished Creatures
  A yak (D)
  An ogre (D)
  A jelly (D)
  Ijyb (D)
4 creatures vanquished.

Notes
Turn   | Place    | Note
-------+----------+-------------------------------------------
     0 | D        | Groucho the Spriggan Enchanter began the quest for the Orb.
     0 | D        | Reached XP level 1. HP: 9/9 MP: 5/5
     3 | D        | Noticed Ijyb
    14 | D        | Killed Ijyb
    15 | D        | Reached skill level 10 in Stealth
    15 | D        | Reached XP level 2. HP: 13/13 MP: 6/6
   287 | D        | Noticed an ogre
   289 | D        | Killed an ogre
   290 | D        | Reached skill level 14 in Stealth
   290 | D        | Reached XP level 3. HP: 16/16 MP: 8/8
   290 | D        | Reached XP level 4. HP: 21/21 MP: 9/9
   304 | D        | Noticed Sigmund
   318 | D        | Learned a level 2 spell: Ensorcelled Hibernation
   523 | D        | Learned a level 3 spell: Confusing Touch
   531 | D        | Found a shimmering blue altar of Sif Muna.
   533 | D        | Found an ornate altar of the Wu Jian Council.
   534 | D        | Found a radiant altar of Vehumet.
   537 | D        | Found Agged's Book Emporium.
   537 | D        | Found a hazy altar of Hepliaklqana.
   537 | D        | Found a hide-covered altar of Uskayaw.
   537 | D        | Noticed a yak
   537 | D        | Noticed Sonja
   538 | D        | Found a stormy altar of Qazlal.
   538 | D        | Found a blossoming altar of Fedhas.
   538 | D        | Found a bloodstained altar of Trog.
   538 | D        | Found an iron altar of Okawaru.
   538 | D        | Found a sacrificial altar of Ru.
   538 | D        | Found a glowing silver altar of Zin.
   540 | D        | Reached XP level 5. HP: 24/24 MP: 9/11
   542 | D        | Found an ancient bone altar of Kikubaaqudgha.
   542 | D        | Found a basalt altar of Yredelemnul.
   542 | D        | Found a glowing golden altar of the Shining One.
   542 | D        | Found a snail-covered altar of Cheibriados.
   542 | D        | Found a shadowy altar of Dithmenos.
   542 | D        | Found a white marble altar of Elyvilon.
   543 | D        | Found an opulent altar of Gozag.
   544 | D        | Killed a yak
   545 | D        | Reached skill level 16 in Stealth
   545 | D        | Reached skill level 5 in Spellcasting
   545 | D        | Reached XP level 6. HP: 28/28 MP: 9/15
   547 | D        | HP: 1/28 [Sonja (6)]
   547 | D        | Slain by Sonja

Illustrated notes

Levels and vault maps discovered:
D:        dungeon_sprint_1 [red_sonja_temple_1, red_sonja_temple_small_1]

Skill      XL: |  1  2  3  4  5 |
---------------+----------------+-----
Stealth        | 10 14 16 | 16.5
Spellcasting   | 3 5 |  5.8
Hexes          | 4 6 |  6.3
Short Blades   | |  1.1
Dodging        | |  2.6

Action                   |  1- 3 |  4- 6 || total
-------------------------+-------+-------++-------
Melee: Dagger            |     7 |     2 ||     9
 Cast: Ensorcelled Hiber |       |     3 ||     3
  Use: Potion            |     1 |       ||     1
 Stab: Sleeping          |     2 |     2 ||     4
Armor: Robe              |       |     1 ||     1
Dodge: Dodged            |     4 |     2 ||     6
